Map: King Sejong Station LE

Players

blackxored - Winner!

  • Race: Zerg Zerg
  • League: Diamond

Chilli

  • Race: Zerg Zerg
  • League: Platinum

VOD

Have the link to the VOD?

Description

Time

  • Played on: July 3, 2016, 7:09 a.m.
  • Length: 15:03
Show
View Real Time Build Order
Export as new Build Order

blackxored Zerg - Winner!

Build Orders: Pool First 

Get SALT Encoding   

  12  0:02  Drone  
  13  0:09  Drone  
  14  0:16  Extractor  
  14  0:17  Drone  
  14  0:32  Spawning Pool  
  13  0:35  Drone  
  14  0:45  Overlord  
  14  0:49  Extractor  
  13  0:52  Drone  
  15  1:05  Drone x2  
  17  1:15  Drone  
  18  1:19  Queen  
  20  1:27  Metabolic Boost  
  20  1:31  Drone  
  21  1:38  Overlord  
  21  1:47  Drone  
  22  1:54  Extractor  
  22  1:55  Drone  
  23  2:08  Hatchery  
  22  2:15  Baneling Nest, Drone  
  23  2:21  Zergling x2  
  23  2:23  Zergling x2  
  23  2:29  Zergling x4  
  26  2:32  Zergling x2  
  27  2:59  Zergling x6  
  30  3:06  Baneling  
  30  3:07  Overlord, Baneling x3  
  25  3:53  Zergling x10  
  25  3:54  Zergling x8  
  31  4:06  Drone x2  
  33  4:15  Drone  
  33  4:16  Queen, Drone  
  37  4:29  Baneling x3  
  37  4:32  Drone  
  37  4:34  Overlord  
  37  4:38  Hatchery  
  39  5:00  Drone x6  
  42  5:18  Baneling x2  
  42  5:26  Baneling  
  41  5:29  Drone  
  41  5:30  Drone x4  
  41  5:31  Lair  
  46  5:35  Overlord  
  45  6:02  Baneling x2  
  45  6:03  Baneling  
  44  6:12  Zergling x26  
  59  6:21  Extractor  
  59  6:22  Extractor, Drone  
  59  6:23  Drone  
  59  6:30  Extractor  
  59  6:31  Drone  
  59  6:33  Spire  
  58  6:46  Zergling x10  
  60  6:57  Overlord x4  
  60  7:15  Drone  
  61  7:16  Drone x4  
  61  7:19  Drone x2  
  67  7:33  Zergling x10  
  66  7:42  Hatchery  
  64  7:52  Zerg Flyer Armor Level 1  
  64  7:59  Drone x2  
  64  8:00  Drone x2  
  64  8:03  Mutalisk x4  
  64  8:04  Mutalisk  
  78  8:10  Mutalisk  
  80  8:15  Overseer  
  80  8:17  Mutalisk  
  80  8:19  Overlord x3  
  82  8:32  Hatchery  
  81  8:36  Mutalisk  
  81  8:37  Mutalisk x2  
  87  8:49  Mutalisk  
  87  8:55  Queen  
  91  8:56  Drone x7  
  91  8:59  Infestation Pit  
  91  9:01  Evolution Chamber  
  96  9:03  Evolution Chamber  
  95  9:12  Drone x8  
  95  9:15  Extractor  
  102  9:24  Drone x3  
  103  9:35  Mutalisk x2  
  103  9:37  Overlord x3  
  103  9:38  Overlord  
  106  9:41  Zerg Melee Weapons Level 1, Zerg Ground Armor Level 1  
  102  10:00  Mutalisk x3  
  108  10:09  Drone  
  108  10:10  Extractor, Drone x2  
  110  10:17  Mutalisk x2  
  110  10:19  Zergling x12  
  110  10:20  Zergling x8  
  124  10:31  Zerg Flyer Armor Level 2  
  124  10:34  Extractor  
  121  10:37  Extractor, Spore Crawler, Mutalisk  
  117  10:45  Mutalisk  
  118  10:50  Overlord x2  
  118  10:53  Drone x3  
  121  10:58  Spore Crawler, Drone x3  
  121  10:59  Spore Crawler x2  
  119  11:14  Mutalisk x5  
  120  11:23  Mutalisk  
  108  11:40  Zergling x2  
  108  11:41  Zergling x14  
  108  11:42  Zergling x8, Mutalisk x2  
  124  11:52  Hatchery  
  124  11:53  Overlord x3  
  123  12:04  Hatchery  
  123  12:06  Overlord x2  
  122  12:09  Hive  
  116  12:19  Mutalisk x5  
  114  12:27  Mutalisk  
  100  12:33  Spore Crawler  
  88  12:40  Mutalisk x2  
  87  12:45  Mutalisk  
  87  12:47  Zerg Flyer Weapons Level 1  
  89  12:52  Spore Crawler x2  
  89  12:56  Mutalisk  
  88  13:01  Spore Crawler  
  88  13:02  Spore Crawler  
  88  13:03  Spore Crawler  
  84  13:07  Spore Crawler  
  84  13:08  Mutalisk  
  82  13:15  Mutalisk  
  77  13:26  Mutalisk  
  77  13:48  Drone x3  
  80  13:50  Drone x2  
  80  13:51  Drone  
  79  14:05  Mutalisk x3  
  85  14:13  Spore Crawler  
  85  14:14  Spore Crawler  
  85  14:15  Spore Crawler x2, Drone x11  
  85  14:16  Drone  
  85  14:17  Drone  
  94  14:19  Drone  
  94  14:21  Drone  
  96  14:30  Mutalisk x2  
Show
View Real Time Build Order
Export as new Build Order

Chilli Zerg 

Build Orders: Pool First 

Get SALT Encoding   

  12  0:01  Drone  
  13  0:13  Overlord  
  13  0:22  Drone  
  14  0:36  Drone x2  
  14  0:37  Drone  
  17  0:48  Drone  
  18  0:59  Drone  
  19  1:05  Spawning Pool  
  19  1:06  Extractor  
  17  1:12  Drone  
  18  1:24  Hatchery  
  17  1:31  Drone x2  
  19  1:43  Overlord  
  19  1:51  Queen  
  21  1:55  Zergling x2  
  22  2:03  Zergling x2  
  23  2:09  Metabolic Boost  
  23  2:21  Zergling x2  
  24  2:30  Queen  
  24  2:36  Zergling x2  
  24  2:37  Zergling x4  
  29  2:39  Queen  
  31  2:46  Overlord  
  31  2:56  Zergling x2  
  31  2:57  Zergling x2  
  33  3:03  Zergling x6  
  33  3:04  Zergling x2  
  37  3:11  Overlord  
  37  3:13  Drone  
  32  3:38  Zergling x2  
  32  3:39  Zergling x6  
  32  3:51  Zergling x6  
  32  3:52  Zergling x6  
  32  3:54  Zergling x2  
  33  4:00  Queen x2  
  37  4:12  Baneling Nest, Zergling x4  
  38  4:25  Zergling x6  
  41  4:34  Spine Crawler  
  41  4:37  Zergling x6  
  43  4:47  Drone  
  43  4:48  Drone x2  
  46  5:04  Drone x4  
  47  5:22  Drone x3  
  47  5:23  Drone x2  
  47  5:24  Overlord  
  51  5:31  Overlord  
  51  5:56  Hatchery  
  49  5:58  Drone x4  
  49  5:59  Drone x5  
  49  6:00  Drone  
  59  6:11  Drone x3  
  61  6:19  Extractor  
  61  6:22  Extractor  
  61  6:23  Extractor  
  61  6:25  Overlord x2  
  58  6:28  Zergling x4  
  57  6:43  Zergling x4  
  57  6:44  Zergling x12  
  57  6:45  Zergling x2  
  58  6:58  Lair  
  56  7:03  Spore Crawler  
  56  7:06  Spore Crawler  
  54  7:12  Spore Crawler x2  
  54  7:15  Queen  
  56  7:23  Drone x3  
  56  7:24  Drone x3  
  56  7:25  Drone  
  63  7:34  Zergling x4  
  63  7:35  Zergling x4  
  56  7:49  Zergling x8  
  56  7:50  Zergling x2  
  59  7:51  Queen  
  61  8:00  Spire  
  60  8:20  Spore Crawler  
  59  8:51  Hatchery  
  58  8:56  Queen  
  60  9:14  Mutalisk x2  
  60  9:15  Mutalisk x6  
  60  9:16  Spore Crawler  
  75  9:19  Overlord x2  
  75  9:26  Hatchery  
  74  9:41  Mutalisk x4  
  74  9:42  Mutalisk  
  84  9:45  Overlord x2  
  84  10:07  Mutalisk x4  
  84  10:08  Mutalisk x2  
  96  10:14  Mutalisk  
  96  10:17  Overlord  
  94  10:50  Mutalisk x2  
  94  10:51  Mutalisk x4  
  94  10:53  Overlord x2  
  106  11:18  Mutalisk x3  
  87  11:19  Mutalisk  
  86  11:32  Queen x2  
  86  11:33  Queen  
  86  11:38  Drone x3  
  86  11:39  Drone  
  94  11:58  Drone x5  
  99  12:06  Spine Crawler  
  98  12:19  Mutalisk x2  
  98  12:20  Mutalisk  
  76  12:39  Mutalisk  
  76  12:40  Mutalisk x2  
  76  12:44  Zergling x6  
  52  13:03  Zergling x8  
  50  13:22  Drone x3  
  53  13:49  Burrow  
  53  13:54  Drone  
  53  13:55  Drone x3  
  57  14:08  Drone  
  57  14:09  Drone  
  59  14:10  Drone x2  
  61  14:18  Drone  
  61  14:21  Drone x2  
  54  14:42  Drone x2  
  54  14:43  Drone x5  
Tags
 
Add a new tag
Caveats
  • Supply blocks, unpowered buildings, or Contaminate may cause inaccurate times.
  • Supply counts are checked every 10 seconds.